Map: Disco Bloodbath LE

Players

Snowdrum - Winner!

  • Race: Zerg Zerg
  • League: Master
  • Spawn Location: 3:00

Mez

  • Race: Terran Terran
  • League: Master
  • Spawn Location: 9:00

VOD

Have the link to the VOD?

Description

Time

  • Played on: Aug. 28, 2019, 4:57 p.m.
  • Length: 5:45
Show
View Real Time Build Order
Export as new Build Order

Snowdrum Zerg - Winner!

Build Orders: Hatch First 

Get SALT Encoding   

  12  0:01  Drone  
  13  0:13  Overlord  
  13  0:17  Drone  
  14  0:32  Drone x2  
  17  0:35  Drone  
  17  0:52  Hatchery  
  17  0:54  Drone  
  17  0:58  Drone  
  18  1:11  Spawning Pool  
  17  1:12  Extractor  
  17  1:15  Drone  
  17  1:19  Drone  
  18  1:29  Drone  
  19  1:39  Overlord  
  19  1:50  Drone  
  20  2:00  Queen  
  22  2:01  Zergling x2  
  22  2:03  Queen  
  22  2:04  Zergling x2  
  26  2:12  Drone  
  27  2:16  Metabolic Boost  
  27  2:21  Zergling x2, Spine Crawler  
  26  2:38  Drone x4  
  30  2:44  Drone  
  31  2:56  Hatchery  
  28  3:05  Queen  
  30  3:08  Pneumatized Carapace  
  30  3:11  Drone x3  
  33  3:13  Zergling x2  
  33  3:15  Zergling x2  
  33  3:18  Zergling x2  
  36  3:23  Overlord  
  36  3:41  Queen  
  36  3:42  Drone x6  
  36  3:48  Overlord  
  44  4:08  Zergling x4  
  44  4:09  Zergling x18  
  53  4:13  Queen  
  55  4:25  Overlord x3  
  55  4:32  Drone, Evolution Chamber x2  
  55  4:33  Drone  
  55  4:38  Zergling x2  
  55  4:39  Zergling x2  
  57  4:49  Drone x7  
  64  5:01  Drone  
  64  5:02  Drone x2  
  64  5:16  Drone x2  
  64  5:18  Drone x2  
  64  5:19  Extractor, Drone x2  
  69  5:30  Drone  
  69  5:31  Drone x5  
Show
View Real Time Build Order
Export as new Build Order

Mez Terran 

Build Orders: Liberator Opening 

Get SALT Encoding   

  12  0:01  SCV  
  13  0:13  SCV  
  14  0:21  Supply Depot  
  14  0:26  SCV  
  15  0:43  SCV  
  15  0:44  Barracks  
  15  0:48  Refinery  
  16  0:55  SCV  
  17  1:07  SCV  
  18  1:19  SCV  
  20  1:32  Reaper  
  20  1:33  Orbital Command  
  20  1:47  Command Center  
  20  1:54  Supply Depot  
  20  1:58  SCV  
  21  2:04  Marine  
  22  2:10  SCV  
  23  2:19  Factory  
  23  2:20  Refinery  
  23  2:23  SCV  
  23  2:27  Barracks Reactor  
  24  2:35  SCV  
  25  2:47  SCV  
  25  2:59  SCV  
  26  3:07  Starport  
  26  3:11  Orbital Command  
  30  3:12  Hellion  
  30  3:13  Hellion  
  30  3:14  SCV  
  31  3:21  Barracks Tech Lab  
  31  3:26  Liberator  
  31  3:29  SCV  
  36  3:34  Hellion x2  
  36  3:41  SCV  
  37  3:45  Supply Depot  
  37  3:46  SCV  
  41  3:51  Supply Depot  
  41  3:53  SCV  
  41  3:55  Hellion  
  44  3:58  SCV  
  44  3:59  Hellion  
  44  4:02  Marine  
  45  4:20  Marine, SCV  
  45  4:21  SCV  
  45  4:23  Command Center  
  48  4:36  SCV x2  
  50  4:41  Factory Reactor  
  50  4:42  Barracks, Starport Reactor  
  50  4:46  Barracks  
  50  4:47  Supply Depot  
  50  4:50  SCV x2  
  40  5:09  Supply Depot x2  
  40  5:12  SCV x2  
  40  5:13  Marine  
  43  5:28  Factory Tech Lab  
Tags
 
Add a new tag
Caveats
  • Supply blocks, unpowered buildings, or Contaminate may cause inaccurate times.
  • Supply counts are checked every 10 seconds.